 Dungeon Sprint DCSS version 0.24.0-1-gfbc8707 (webtiles) character file.

Game seed: 13480295787329664105, levelgen mode: deterministic

5398 Fang the Fighter (level 10, -3/74 HPs)
             Began as a Gargoyle Berserker on Nov 1, 2019.
             Was a High Priest of Trog.
             Slain by a +4 halberd of pain (24 damage)
             ... in the Dungeon (Sprint V: "Ziggurat Sprint").
             The game lasted 00:02:14 (729 turns).

Fang the Fighter (Gargoyle Berserker)                Turns: 729, Time: 00:02:14

Health: -3/74      AC: 29    Str: 36    XL:     10   Next: 66%
Magic:  10/10      EV:  6    Int:  8    God:    Trog [*****.]
Gold:   0          SH: 30    Dex:  9    Spells: 9/9 levels left

rFire    . . .     SeeInvis .   a - +5 broad axe (elec)
rCold    . . .     Gourm    .   E - +18 shield of the Gong {rElec rN+ MR+ EV-5}
rNeg     + + .     Faith    .   b - +15 Maxwell's patent armour {-Cast -Tele rElec MR+ rCorr}
rPois    ∞         Spirit   .   (no helmet)
rElec    +         Reflect  .   (no cloak)
rCorr    +         Harm     .   (no gloves)
MR       ++++.     NoTele   +   (no boots) Stlth ..........NoCast +
                                (no amulet)
HPRegen  1.22/turn              C - +6 ring of strength
MPRegen  0.12/turn              D - +6 ring of strength

@: corroded, berserk cooldown, regenerating, slowed, very slow
A: negative energy resistance 1, electricity resistance, unbreathing,
petrification resistance, rot immunity, AC +7
a: Berserk, Trog's Hand, Brothers in Arms, Renounce Religion


You were in the Dungeon.
You worshipped Trog.
Trog was extremely pleased with you.
You were very hungry.

You visited 1 branch

Inventory:

Hand Weapons
 a - a +5 broad axe of electrocution (weapon)
Armour
 b - the +15 Maxwell's patent armour (worn) {-Cast -Tele rElec MR+ rCorr}
   (You found it in the Dungeon)

   It insulates you from electricity.
   It affects your resistance to hostile enchantments.
   It prevents spellcasting.
   It prevents most forms of teleportation.
   It provides partial protection from all sources of acid and corrosion.
 E - the +18 shield of the Gong (worn) {rElec rN+ MR+ EV-5}
   (You found it in the Dungeon)

   It affects your evasion (-5).
   It insulates you from electricity.
   It protects you from negative energy.
   It affects your resistance to hostile enchantments.
Jewellery
 o - the cursed ring "Xudepayz" {*Drain MR++ AC-2 Dex+7}
   (You found it in the Dungeon)

   [ring of protection]

   It affects your AC (-2).
   It affects your dexterity (+7).
   It affects your resistance to hostile enchantments.
   It causes draining when unequipped.
   It has a curse placed upon it.
 x - an uncursed ring of see invisible
 C - a +6 ring of strength (left hand)
 D - a +6 ring of strength (right hand)
Wands
 u - a wand of disintegration (7)
 v - a wand of iceblast (7)
 w - a wand of acid (7)
Scrolls
 g - a scroll of brand weapon
 i - 4 scrolls of blinking
 j - 7 scrolls of fog
 k - a scroll of holy word
 l - 5 scrolls of identify
 m - 5 scrolls of remove curse
 n - 2 scrolls of fear
Potions
 d - 10 potions of curing
 e - 10 potions of heal wounds
 f - 6 potions of haste
 h - 3 potions of berserk rage
 p - 2 potions of invisibility
 q - 4 potions of resistance
 r - a potion of experience
 s - 5 potions of agility
 t - 5 potions of might
Comestibles
 c - 7 rations
 z - 3 chunks of flesh


   Skills:
 * Level 13.6 Fighting
 * Level 11.8 Axes
 + Level 12.6 Armour
 + Level 10.0 Dodging
 * Level 7.2 Shields


You had 9 spell levels left.
You didn't know any spells.
Your spell library was empty.

Dungeon Overview and Level Annotations

Branches:
Dungeon (1/1)

Altars:
Ashenzari
Cheibriados
Dithmenos
Elyvilon
Fedhas
Gozag
Hepliaklqana
Kikubaaqudgha
Makhleb
Nemelex Xobeh
Okawaru
Qazlal
Ru
Sif Muna
Trog
Uskayaw
Vehumet
Wu Jian
Xom
Yredelemnul
Zin
The Shining One
Beogh
Jiyva
Lugonu

Annotations:
D 1 transporter


Innate Abilities, Weirdness & Mutations

You are resistant to torment.
Your stone body is resilient. (AC +7)
You are immune to poison.
You resist negative energy. (rN+)
You are resistant to electric shocks. (rElec)
You can survive without breathing.
You are immune to petrification.
You are immune to rotting.


Message History

The redback disappears in a puff of smoke!
The hell rat disappears in a puff of smoke!
The jumping spider disappears in a puff of smoke!
The hell rat disappears in a puff of smoke! x2
Your Dodging skill increases to level 10!
Your Shields skill increases to level 7!
You miss the +4 halberd of pain.
You block the +4 halberd of pain's attack.
GONNNNG!
You block the +4 halberd of pain's attack.
GONNNNG!
You block the +4 halberd of pain's attack.
GONNNNG!
The +4 halberd of pain hits you but does no damage.
You miss the +4 halberd of pain.
You block the +4 halberd of pain's attack.
BOUMMMMG!
You hit the +4 halberd of pain but do no damage.
The +4 halberd of pain hits you!!
You die...

▓...©...▓
▓▓▓▓▓▓▓▓▓
▓..8©8..▓
▓..:::..▓
▓..[}}..▓
▓.......▓
▓.......▓
▓..(....▓
▓..@)...▓
▓.▓)))▓.▓
▓...©...▓
▓▓▓▓▓▓▓▓▓


You could see a +4 halberd of pain.

Vanquished Creatures
  A deep elf sorcerer (D)
  A dancing weapon (D)
  2 deep elf knights (D)
  A deep elf archer (D)
  2 deep elf magi (D)
  An air elemental (D)
  A yak (D)
  A water elemental (D)
  2 fire elementals (D)
  2 porcupines (D)
  A wolf (D)
  2 earth elementals (D)
  An iguana (D)
  2 river rats (D)
  2 shadow imps (D)
  A jackal (D)
  A leopard gecko skeleton (D)
  A quokka skeleton (D)
  2 fire vortices (D)
27 creatures vanquished.

Vanquished Creatures (others)
  An insubstantial wisp (D)
  A fire vortex (D)
2 creatures vanquished.

Grand Total: 29 creatures vanquished

Notes
Turn   | Place    | Note
-------+----------+-------------------------------------------
     0 | D        | Fang the Gargoyle Berserker began the quest for the Orb.
     0 | D        | Reached XP level 1. HP: 14/14 MP: 1/1
     6 | D        | Found a blossoming altar of Fedhas.
     7 | D        | Found the +6 Majin-Bo {vamp, Archmagi MP+6 Int+6}
     7 | D        | Found the +7 great mace "Firestarter" {inner flame, rF++}
     7 | D        | Found a transporter.
     7 | D        | Found a viscous altar of Jiyva.
     7 | D        | Found an ancient bone altar of Kikubaaqudgha.
     7 | D        | Found a hazy altar of Hepliaklqana.
     7 | D        | Found a corrupted altar of Lugonu.
     7 | D        | Found an opulent altar of Gozag.
     7 | D        | Found a burning altar of Makhleb.
    11 | D        | Found a stormy altar of Qazlal.
    11 | D        | Found an iron altar of Okawaru.
    11 | D        | Found a sacrificial altar of Ru.
    11 | D        | Found a sparkling altar of Nemelex Xobeh.
    11 | D        | Found a shimmering blue altar of Sif Muna.
    11 | D        | Found a bloodstained altar of Trog.
    18 | D        | Found the +9 heavy crossbow "Sniper" {velocity, Acc+∞ SInv}
    18 | D        | Found the +10 dark maul {crush}
    18 | D        | Found the +15 Maxwell's patent armour {-Cast -Tele rElec
                  | MR+ rCorr}
    18 | D        | Found the +18 shield of the Gong {rElec rN+ MR+ EV-5}
    18 | D        | Found the cursed +14 obsidian axe {chop, +Fly SInv *Curse}
    77 | D        | Entered arena 2.
    77 | D        | Noticed an air elemental
    77 | D        | Noticed an insubstantial wisp
    77 | D        | Found a transporter.
    80 | D        | Killed an insubstantial wisp
    87 | D        | Killed an air elemental
    87 | D        | Reached skill level 6 in Fighting
    87 | D        | Reached skill level 5 in Axes
    87 | D        | Reached XP level 2. HP: 10/23 MP: 2/2
    87 | D        | Reached XP level 3. HP: 13/28 MP: 3/3
    87 | D        | Reached XP level 4. HP: 15/32 MP: 4/4
    87 | D        | Reached XP level 5. HP: 17/37 MP: 5/5
   290 | D        | Entered arena 3.
   290 | D        | Noticed a porcupine
   290 | D        | Found a transporter.
   294 | D        | Reached ** piety under Trog
   295 | D        | Killed a porcupine
   295 | D        | Reached skill level 7 in Fighting
   295 | D        | Reached skill level 5 in Dodging
   295 | D        | Reached XP level 6. HP: 44/44 MP: 6/6
   301 | D        | Got the cursed ring "Xudepayz" {*Drain MR++ AC-2 Dex+7}
   306 | D        | Entered arena 4.
   306 | D        | Found a transporter.
   310 | D        | Reached *** piety under Trog
   317 | D        | Entered arena 5.
   317 | D        | Noticed a fire elemental
   317 | D        | Found a transporter.
   322 | D        | Killed a fire elemental
   322 | D        | Reached skill level 8 in Fighting
   597 | D        | Entered arena 6.
   597 | D        | Noticed a yak
   597 | D        | Noticed a porcupine
   597 | D        | Found a transporter.
   599 | D        | Killed a porcupine
   599 | D        | Reached XP level 7. HP: 44/50 MP: 7/7
   600 | D        | Reached **** piety under Trog
   600 | D        | Reached skill level 9 in Fighting
   603 | D        | Killed a yak
   637 | D        | Entered arena 7.
   637 | D        | Noticed a fire elemental
   637 | D        | Noticed a deep elf archer
   637 | D        | Noticed a deep elf knight
   637 | D        | Noticed a deep elf mage
   638 | D        | Found a transporter.
   643 | D        | Killed a fire elemental
   643 | D        | Reached skill level 10 in Fighting
   643 | D        | Reached XP level 8. HP: 57/57 MP: 8/8
   649 | D        | Killed a deep elf mage
   649 | D        | Reached ***** piety under Trog
   649 | D        | Reached skill level 10 in Armour
   650 | D        | Killed a deep elf knight
   650 | D        | Received a gift from Trog
   650 | D        | Reached skill level 11 in Fighting
   650 | D        | Reached XP level 9. HP: 64/64 MP: 9/9
   661 | D        | Killed a deep elf archer
   661 | D        | Reached skill level 12 in Fighting
   661 | D        | Reached skill level 10 in Axes
   706 | D        | Entered arena 8.
   706 | D        | Noticed a deep elf mage
   706 | D        | Noticed a deep elf sorcerer
   706 | D        | Noticed a +4 halberd of pain
   706 | D        | Noticed a +4 trident of freezing
   706 | D        | Noticed a deep elf knight
   707 | D        | Noticed a jumping spider
   708 | D        | Found a transporter.
   710 | D        | Killed a +4 trident of freezing
   711 | D        | Noticed a jumping spider
   712 | D        | Noticed a hellwing
   717 | D        | Killed a deep elf knight
   717 | D        | Received a gift from Trog
   717 | D        | Reached skill level 5 in Shields
   717 | D        | Reached XP level 10. HP: 72/72 MP: 10/10
   718 | D        | Noticed a rust devil
   720 | D        | Killed a deep elf sorcerer
   720 | D        | Reached skill level 13 in Fighting
   726 | D        | Killed a deep elf mage
   726 | D        | Reached skill level 10 in Dodging
   729 | D        | Slain by a +4 halberd of pain

Levels and vault maps discovered:
D:        sprint_v [room_start, room_1, room_2, room_3, room_4, room_5, room_6,
          room_7, room_8, room_9, room_10, room_11, room_12, room_13, room_14,
          room_15, room_16, room_17, room_18, room_19, room_20, room_21,
          room_22, room_23, room_24, room_25, room_26, room_27]

Skill      XL: |  1  2  3  4  5  6  7  8  9 10 |
---------------+-------------------------------+-----
Fighting       | 6 7 8 10 11 12 13 | 13.6
Axes           | 5 6 7 8 9 11 | 11.8
Armour         | 6 7 8 9 11 12 | 12.6
Dodging        | 4 5 6 7 8 9 10 | 10.0
Shields        | 5 7 |  7.2

Action                   |  1- 3 |  4- 6 |  7- 9 | 10-12 || total
-------------------------+-------+-------+-------+-------++-------
Melee: Broad axe         |     9 |    24 |    30 |     8 ||    71
Invok: Berserk           |     1 |     1 |     2 |       ||     4
       Trog's Hand       |       |       |       |     1 ||     1
  Use: Scroll            |       |     1 |       |       ||     1
  Eat: Chunk             |       |     1 |     1 |       ||     2
Armor: Plate armour      |     7 |     4 |     9 |    20 ||    40
Dodge: Dodged            |       |       |     4 |     2 ||     6
Block: Shield            |    16 |    15 |    51 |    26 ||   108
